Sénateurs vs Flames
(R1)
Created - 16 avril 2014 at 23:12
Goals
|
| Sénateurs |
0 |
2 |
3 |
5 |
| Flames |
1 |
1 |
1 |
3 |
|
Shots
|
| Sénateurs |
8 |
17 |
9 |
34 |
| Flames |
12 |
8 |
10 |
30 |
|
1st period
1. Flames , Darcy Hordichuk 2 (Michal Handzus, Eric Staal) at 15:59
Penalties :
Carlo Colaiacovo (Ott) for Cross-checking (Minor) at 1:40, Alexander Semin (Cal) for Slashing (Minor) at 12:56
2nd period
2. Flames , Darcy Hordichuk 3 (Michal Handzus) at 1:25 (SH)
3. Sénateurs , Andy McDonald 1 (Daymond Langkow) at 9:44
4. Sénateurs , Nikita Alexeev 1 (Andrew Ebbett, Sami Salo) at 13:15 (PP)
Penalties :
Alexander Semin (Cal) for Roughing (Minor) at 1:16, Marcel Goc (Cal) for Holding (Minor) at 11:25, Ray Whitney (Ott) for Goalie Interference (Minor) at 17:00, Marcel Goc (Cal) for Hooking (Minor) at 19:42
3rd period
5. Flames , Mark Bell 3 (Josef Vasicek, Jordin Tootoo) at 1:56
6. Sénateurs , Andy McDonald 2 (Vitaly Vishnevsky, Sami Salo) at 2:31
7. Sénateurs , Daymond Langkow 2 (Andy McDonald) at 4:48
8. Sénateurs , Daymond Langkow 3 (Andy McDonald, B.J. Crombeen) at 7:29
Penalties :
Sami Salo (Ott) for Holding (Minor) at 10:39
Goalie Stats
Jonas Hiller (Ott), 27 saves from 30 shots - (0,900), W, 1-1-0, 60:00 minutes
Craig Anderson (Cal), 29 saves from 34 shots - (0,853), L, 0-1-0, 60:00 minutes
Players Stats for Sénateurs
Player Name G A P +/- PIM S H SB GA TA FO MP PP MP PK MP
------------------------------------------------------------------------------------
Andrew Ebbett 0 1 1 -1 0 0 1 1 0 1 6/14 19:18 3:42 2:58
Andy McDonald 2 2 4 3 0 5 2 0 1 0 0/0 21:07 3:41 2:39
B.J. Crombeen 0 1 1 3 0 1 1 0 0 3 1/2 18:53 3:40 0:29
Carlo Colaiacovo 0 0 0 0 2 0 0 1 0 0 0/0 12:37 0:00 0:25
Dan Girardi 0 0 0 0 0 0 0 1 0 0 0/0 12:43 0:00 0:10
Dan Hamhuis 0 0 0 -1 0 4 2 1 0 0 0/0 20:41 3:24 2:15
Dan Hinote 0 0 0 0 0 0 1 0 0 0 0/0 8:03 0:21 0:00
Daymond Langkow 2 1 3 3 0 6 3 0 0 0 14/30 22:02 3:41 3:01
Nikita Alexeev 1 0 1 -1 0 3 2 2 1 0 0/0 16:03 3:42 0:00
Paul Gaustad 0 0 0 -1 0 0 3 0 2 0 2/6 12:30 0:00 1:58
Ray Whitney 0 0 0 -1 2 4 3 0 0 0 0/1 16:59 3:42 0:07
Richard Jackman 0 0 0 -1 0 2 1 1 0 0 0/0 20:38 3:24 2:12
Sami Kapanen 0 0 0 -1 0 1 1 0 2 0 0/1 10:31 0:00 0:00
Sami Salo 0 2 2 2 2 1 3 2 1 2 0/0 26:08 4:23 2:38
Sean Avery 0 0 0 0 0 2 0 0 0 0 0/0 9:16 0:00 1:11
Vernon Fiddler 0 0 0 0 0 3 0 0 0 0 0/1 8:19 0:28 0:00
Ville Peltonen 0 0 0 -1 0 1 2 0 0 0 0/0 11:23 0:24 0:00
Vitaly Vishnevsky 0 1 1 2 0 1 2 0 0 0 0/0 26:49 4:23 3:45
Players Stats for Flames
Player Name G A P +/- PIM S H SB GA TA FO MP PP MP PK MP
------------------------------------------------------------------------------------
Alexander Semin 0 0 0 -2 4 5 2 1 1 0 0/0 19:39 2:56 0:11
Branko Radivojevic 0 0 0 0 0 4 1 0 0 0 0/0 8:16 0:03 0:00
Darcy Hordichuk 2 0 2 0 0 4 2 2 0 0 0/0 17:05 0:00 4:26
David Backes 0 0 0 -2 0 0 2 1 0 1 1/2 18:42 2:58 0:00
Eric Staal 0 1 1 -2 0 1 4 1 0 0 13/24 20:53 2:56 2:14
Erik Johnson 0 0 0 -1 0 0 0 1 0 0 0/0 19:49 2:49 2:32
François Beauchemin 0 0 0 1 0 1 0 2 0 2 0/0 21:48 0:08 4:47
Jordin Tootoo 0 1 1 1 0 1 0 0 0 0 0/0 10:00 0:03 0:00
Josef Vasicek 0 1 1 1 0 1 0 1 0 0 3/4 12:10 2:58 0:12
Marcel Goc 0 0 0 0 4 0 1 0 0 0 2/5 7:20 0:00 0:00
Mark Bell 1 0 1 1 0 3 0 1 0 1 0/0 14:04 2:58 1:25
Michal Handzus 0 2 2 0 0 3 2 3 1 0 13/17 17:10 0:00 4:31
Mike Leclerc 0 0 0 0 0 3 0 1 0 0 0/0 11:18 0:03 2:35
Milan Hejduk 0 0 0 -1 0 2 2 1 3 0 0/3 15:32 2:56 0:00
Niklas Kronwall 0 0 0 -1 0 1 0 1 0 0 0/0 14:50 3:00 0:00
Ron Hainsey 0 0 0 -1 0 0 0 1 0 1 0/0 15:31 3:00 0:41
Steve Eminger 0 0 0 1 0 0 1 0 0 0 0/0 25:08 0:08 5:02
Tomas Kaberle 0 0 0 -1 0 1 0 0 1 2 0/0 22:54 2:49 2:32
3 Stars
1 - Andy McDonald (Ott)
2 - Daymond Langkow (Ott)
3 - Darcy Hordichuk (Cal)
Power Play
Sénateurs - 1 on 4 Attempt(s) - 25,00%
Flames - 0 on 3 Attempt(s) - 0,00%
Penalty Kill
Sénateurs - 3 on 3 Attempt(s) - 100,00%
- Score 0 goal in Penalty Kill
Flames - 3 on 4 Attempt(s) - 75,00%
- Score 1 goal in Penalty Kill
Official
Referees : Fraser Kerry and O'Halloran Dan
Linesman : David Brisebois and Andy McElman
Game Notes
No Game Note
Finance
Level 1 -- Attendance: 4807 (80,12%) -- Ticket Income 480 700 $
Level 2 -- Attendance: 3461 (69,22%) -- Ticket Income 259 575 $
Level 3 -- Attendance: 1480 (74,00%) -- Ticket Income 66 600 $
Level 4 -- Attendance: 2567 (64,18%) -- Ticket Income 89 845 $
Luxury Box -- Attendance: 728 (72,80%) -- Ticket Income 167 440 $
Game was played at the Metal Center
Total Attendance: 13043 (72,46%)
Total Ticket Income: 1 064 160 $
Other Income: 159 624 $
Total Income: 1 223 784 $
Sénateurs
5 vs 5 Forward
Center Left Wing Right Wing Time % Phy DF OF
1 Daymond Langkow Andy McDonald B.J. Crombeen 40 1 2 2
2 Andrew Ebbett Ray Whitney Nikita Alexeev 30 1 2 2
3 Paul Gaustad Ville Peltonen Sami Kapanen 20 1 2 2
4 Vernon Fiddler Sean Avery Dan Hinote 10 1 2 2
5 vs 5 Defense
Defense Defense Time % Phy DF OF
1 Vitaly Vishnevsky Sami Salo 40 1 2 2
2 Dan Hamhuis Richard Jackman 30 1 2 2
3 Carlo Colaiacovo Dan Girardi 20 1 2 2
4 Vitaly Vishnevsky Sami Salo 10 1 2 2
PowerPlay Forward
Center Left Wing Right Wing Time % Phy DF OF
1 Daymond Langkow Andy McDonald B.J. Crombeen 60 1 2 2
2 Andrew Ebbett Ray Whitney Nikita Alexeev 40 1 2 2
PowerPlay Defense
Defense Defense Time % Phy DF OF
1 Vitaly Vishnevsky Sami Salo 60 1 2 2
2 Dan Hamhuis Richard Jackman 40 1 2 2
Penalty Kill 4 Players Forward
Center Wing Time % Phy DF OF
1 Daymond Langkow Andrew Ebbett 60 1 2 2
2 Andy McDonald Paul Gaustad 40 1 2 2
Penalty Kill 4 Players Defense
Defense Defense Time % Phy DF OF
1 Vitaly Vishnevsky Sami Salo 60 1 2 2
2 Dan Hamhuis Richard Jackman 40 1 2 2
Penalty Kill - 3 Players Forward
Forward Time % Phy DF OF
1 Daymond Langkow 60 1 2 2
2 Andrew Ebbett 40 1 2 2
Penalty Kill - 3 Players Defense
Defense Defense Time % Phy DF OF
1 Vitaly Vishnevsky Sami Salo 60 1 2 2
2 Dan Hamhuis Richard Jackman 40 1 2 2
4 vs 4 Forward
Center Wing Time % Phy DF OF
1 Daymond Langkow Andrew Ebbett 60 1 2 2
2 Andy McDonald Paul Gaustad 40 1 2 2
4 vs 4 Defense
Defense Defense Time % Phy DF OF
1 Vitaly Vishnevsky Sami Salo 60 1 2 2
2 Dan Hamhuis Richard Jackman 40 1 2 2
Last Minutes Offensive
Center Left Wing Right Wing Defense Defense
Daymond Langkow Andy McDonald B.J. Crombeen Vitaly Vishnevsky Sami Salo
Last Minutes Defensive
Center Left Wing Right Wing Defense Defense
Daymond Langkow Andy McDonald B.J. Crombeen Vitaly Vishnevsky Sami Salo
Goaltenders
Starting : Jonas Hiller
Backup : Jason LaBarbera
Extra Forwards
Normal : Vernon Fiddler, Ville Peltonen, Sean Avery - PP : Vernon Fiddler, Ville Peltonen - PK : Sean Avery
Extra Defensemen
Normal : Sami Salo, Dan Girardi, Dan Hamhuis - PP : Sami Salo - PK : Dan Girardi, Dan Hamhuis
Penalty Shots
Daymond Langkow, Andrew Ebbett, Andy McDonald, Paul Gaustad, Ray Whitney
Flames
5 vs 5 Forward
Center Left Wing Right Wing Time % Phy DF OF
1 Eric Staal Alexander Semin David Backes 40 1 2 2
2 Michal Handzus Darcy Hordichuk Milan Hejduk 30 1 2 2
3 Josef Vasicek Mark Bell Jordin Tootoo 20 1 2 2
4 Marcel Goc Mike Leclerc Branko Radivojevic 10 1 2 2
5 vs 5 Defense
Defense Defense Time % Phy DF OF
1 Tomas Kaberle Steve Eminger 40 1 2 2
2 François Beauchemin Erik Johnson 30 1 2 2
3 Niklas Kronwall Ron Hainsey 20 1 2 2
4 François Beauchemin Steve Eminger 10 1 2 2
PowerPlay Forward
Center Left Wing Right Wing Time % Phy DF OF
1 Eric Staal Alexander Semin Milan Hejduk 60 1 2 2
2 Josef Vasicek Mark Bell David Backes 40 1 2 2
PowerPlay Defense
Defense Defense Time % Phy DF OF
1 Tomas Kaberle Erik Johnson 60 1 2 2
2 Niklas Kronwall Ron Hainsey 40 1 2 2
Penalty Kill 4 Players Forward
Center Wing Time % Phy DF OF
1 Michal Handzus Darcy Hordichuk 60 1 3 1
2 Eric Staal Mike Leclerc 40 1 3 1
Penalty Kill 4 Players Defense
Defense Defense Time % Phy DF OF
1 François Beauchemin Steve Eminger 60 1 3 1
2 Tomas Kaberle Erik Johnson 40 1 3 1
Penalty Kill - 3 Players Forward
Forward Time % Phy DF OF
1 Michal Handzus 60 1 3 1
2 Eric Staal 40 1 3 1
Penalty Kill - 3 Players Defense
Defense Defense Time % Phy DF OF
1 François Beauchemin Steve Eminger 60 1 4 0
2 Tomas Kaberle Erik Johnson 40 1 4 0
4 vs 4 Forward
Center Wing Time % Phy DF OF
1 Eric Staal Alexander Semin 60 1 2 2
2 Michal Handzus David Backes 40 1 2 2
4 vs 4 Defense
Defense Defense Time % Phy DF OF
1 Tomas Kaberle Steve Eminger 60 1 2 2
2 François Beauchemin Erik Johnson 40 1 2 2
Last Minutes Offensive
Center Left Wing Right Wing Defense Defense
Eric Staal Alexander Semin David Backes Tomas Kaberle Steve Eminger
Last Minutes Defensive
Center Left Wing Right Wing Defense Defense
Eric Staal Alexander Semin David Backes Tomas Kaberle Steve Eminger
Goaltenders
Starting : Craig Anderson
Backup : Pekka Rinne
Extra Forwards
Normal : Jordin Tootoo, Mike Leclerc, Mark Bell - PP : Jordin Tootoo, Mike Leclerc - PK : Mark Bell
Extra Defensemen
Normal : François Beauchemin, Erik Johnson, Niklas Kronwall - PP : Niklas Kronwall - PK : Ron Hainsey, François Beauchemin
Penalty Shots
Alexander Semin, Eric Staal, Marcel Goc, Milan Hejduk, David Backes
% Time on Ice - Sénateurs
Lines # - Real PCT - Wanted PCT - Time Play
Normal Forward
1 - 35% - 40% - 16:09
2 - 27% - 30% - 12:23
3 - 23% - 20% - 10:31
4 - 16% - 10% - 7:13
Normal Defense
1 - 40% - 40% - 18:42
2 - 32% - 30% - 15:02
3 - 26% - 20% - 12:06
4 - 1% - 10% - 0:26
PP Forward
1 - 51% - 60% - 3:59
2 - 49% - 40% - 3:48
PP Defense
1 - 56% - 60% - 4:23
2 - 44% - 40% - 3:24
PK Forward
1 - 73% - 60% - 4:19
2 - 27% - 40% - 1:38
PK Defense
1 - 78% - 60% - 4:37
2 - 22% - 40% - 1:20
PK3 Forward
1 - 0% - 60%
2 - 0% - 40%
PK3 Defense
1 - 0% - 60%
2 - 0% - 40%
44 Forward
1 - 0% - 60%
2 - 0% - 40%
44 Defense
1 - 0% - 60%
2 - 0% - 40%
Last Minute Offensive - 0:00
Last Minute Defensive - 0:00
Total
Forward - 60:00
Defense - 60:00
|
% Time on Ice - Flames
Lines # - Real PCT - Wanted PCT - Time Play
Normal Forward
1 - 38% - 40% - 17:44
2 - 27% - 30% - 12:41
3 - 18% - 20% - 8:30
4 - 16% - 10% - 7:21
Normal Defense
1 - 44% - 40% - 20:13
2 - 28% - 30% - 12:44
3 - 25% - 20% - 11:27
4 - 4% - 10% - 1:52
PP Forward
1 - 50% - 60% - 2:59
2 - 50% - 40% - 2:58
PP Defense
1 - 50% - 60% - 2:57
2 - 50% - 40% - 3:00
PK Forward
1 - 74% - 60% - 5:47
2 - 26% - 40% - 2:00
PK Defense
1 - 67% - 60% - 5:15
2 - 33% - 40% - 2:32
PK3 Forward
1 - 0% - 60%
2 - 0% - 40%
PK3 Defense
1 - 0% - 60%
2 - 0% - 40%
44 Forward
1 - 0% - 60%
2 - 0% - 40%
44 Defense
1 - 0% - 60%
2 - 0% - 40%
Last Minute Offensive - 0:00
Last Minute Defensive - 0:00
Total
Forward - 60:00
Defense - 60:00
|
Play by Play
1st period
0:01 of 1st period - Eric Staal wins face-off versus Daymond Langkow in neutral zone.
0:36 of 1st period - Snap shot by Milan Hejduk.
0:36 of 1st period - Stopped by Jonas Hiller without a rebound.
0:37 of 1st period - Josef Vasicek wins face-off versus Paul Gaustad in Sénateurs zone.
0:38 of 1st period - Slapshot by Jordin Tootoo.
0:38 of 1st period - Stopped by Jonas Hiller without a rebound.
0:39 of 1st period - Josef Vasicek wins face-off versus Paul Gaustad in Sénateurs zone.
0:48 of 1st period - Wrist shot by Josef Vasicek.
0:48 of 1st period - Shot Misses the Net.
1:10 of 1st period - Snap shot by Dan Hinote.
1:10 of 1st period - Shot Misses the Net.
1:12 of 1st period - Snap shot by Dan Hamhuis.
1:12 of 1st period - Shot Misses the Net.
1:14 of 1st period - Slapshot by Sean Avery.
1:14 of 1st period - Shot Misses the Net.
1:16 of 1st period - Wrist shot by Richard Jackman.
1:16 of 1st period - Shot Blocked by François Beauchemin.
1:18 of 1st period - Wrist shot by Sean Avery.
1:18 of 1st period - Stopped by Craig Anderson without a rebound.
1:19 of 1st period - Daymond Langkow wins face-off versus Milan Hejduk in Flames zone.
1:40 of 1st period - Minor Penalty to Carlo Colaiacovo for Cross-checking.
1:41 of 1st period - Daymond Langkow wins face-off versus Milan Hejduk in Sénateurs zone.
3:40 of 1st period - Penalty to Carlo Colaiacovo is over, Carlo Colaiacovo is back on ice.
3:45 of 1st period - Icing by Daymond Langkow.
3:46 of 1st period - Daymond Langkow wins face-off versus Marcel Goc in Sénateurs zone.
3:51 of 1st period - Sean Avery is hit by Branko Radivojevic and loses puck.
4:14 of 1st period - Erik Johnson is hit by Andrew Ebbett and loses puck.
4:41 of 1st period - Wrist shot by Andy McDonald.
4:41 of 1st period - Stopped by Craig Anderson with a rebound.
5:02 of 1st period - Milan Hejduk is hit by Paul Gaustad and loses puck.
5:29 of 1st period - Slapshot by Dan Hamhuis.
5:29 of 1st period - Shot Blocked by Ron Hainsey.
5:31 of 1st period - Slapshot by Dan Hamhuis.
5:31 of 1st period - Shot Blocked by Alexander Semin.
6:25 of 1st period - Wrist shot by Milan Hejduk.
6:25 of 1st period - Stopped by Jonas Hiller with a rebound.
6:41 of 1st period - Snap shot by Jordin Tootoo.
6:41 of 1st period - Shot Misses the Net.
7:15 of 1st period - Snap shot by Nikita Alexeev.
7:15 of 1st period - Stopped by Craig Anderson with a rebound.
8:28 of 1st period - Snap shot by Vernon Fiddler.
8:28 of 1st period - Stopped by Craig Anderson without a rebound.
8:29 of 1st period - Daymond Langkow wins face-off versus Eric Staal in Flames zone.
8:56 of 1st period - Carlo Colaiacovo is hit by Darcy Hordichuk and loses puck.
9:43 of 1st period - Wrist shot by Andy McDonald.
9:43 of 1st period - Shot Misses the Net.
10:18 of 1st period - Wrist shot by Milan Hejduk.
10:18 of 1st period - Shot Blocked by Nikita Alexeev.
10:30 of 1st period - Snap shot by Andrew Ebbett.
10:30 of 1st period - Shot Misses the Net.
11:08 of 1st period - Wrist shot by David Backes.
11:08 of 1st period - Shot Misses the Net.
11:22 of 1st period - Dan Hamhuis is hit by Milan Hejduk and loses puck.
11:39 of 1st period - Slapshot by Daymond Langkow.
11:39 of 1st period - Stopped by Craig Anderson without a rebound.
11:40 of 1st period - Andrew Ebbett wins face-off versus Eric Staal in Flames zone.
11:49 of 1st period - Wrist shot by Ray Whitney.
11:49 of 1st period - Stopped by Craig Anderson without a rebound.
11:50 of 1st period - Andrew Ebbett wins face-off versus Eric Staal in Flames zone.
11:57 of 1st period - Wrist shot by Ray Whitney.
11:57 of 1st period - Shot Misses the Net.
12:23 of 1st period - Snap shot by Andrew Ebbett.
12:23 of 1st period - Shot Misses the Net.
12:39 of 1st period - Snap shot by Nikita Alexeev.
12:39 of 1st period - Shot Misses the Net.
12:56 of 1st period - Minor Penalty to Alexander Semin for Slashing.
12:57 of 1st period - Michal Handzus wins face-off versus Daymond Langkow in Flames zone.
13:49 of 1st period - Mike Leclerc is hit by Nikita Alexeev and loses puck.
14:02 of 1st period - Eric Staal is hit by Ray Whitney and loses puck.
14:33 of 1st period - François Beauchemin is hit by Ville Peltonen and loses puck.
14:56 of 1st period - Penalty to Alexander Semin is over, Alexander Semin is back on ice.
15:18 of 1st period - Wrist shot by Alexander Semin.
15:18 of 1st period - Stopped by Jonas Hiller with a rebound.
15:20 of 1st period - Slapshot by Josef Vasicek.
15:20 of 1st period - Stopped by Jonas Hiller with a rebound.
15:22 of 1st period - Snap shot by Alexander Semin.
15:22 of 1st period - Stopped by Jonas Hiller without a rebound.
15:23 of 1st period - Paul Gaustad wins face-off versus Marcel Goc in Sénateurs zone.
15:29 of 1st period - Off-side.
15:30 of 1st period - Marcel Goc wins face-off versus Andrew Ebbett in neutral zone.
15:43 of 1st period - Wrist shot by Mike Leclerc.
15:43 of 1st period - Shot Blocked by Andrew Ebbett.
15:45 of 1st period - Snap shot by Mike Leclerc.
15:45 of 1st period - Stopped by Jonas Hiller with a rebound.
15:59 of 1st period - Wrist shot by Darcy Hordichuk.
15:59 of 1st period - Goal by Darcy Hordichuk - Sénateurs : 0 - Flames : 1.
16:00 of 1st period - B.J. Crombeen wins face-off versus David Backes in neutral zone.
16:31 of 1st period - Snap shot by Ray Whitney.
16:31 of 1st period - Stopped by Craig Anderson with a rebound.
16:33 of 1st period - Wrist shot by Ray Whitney.
16:33 of 1st period - Stopped by Craig Anderson with a rebound.
16:49 of 1st period - Slapshot by Josef Vasicek.
16:49 of 1st period - Shot Misses the Net.
17:09 of 1st period - Dan Hamhuis is hit by David Backes and loses puck.
17:35 of 1st period - Slapshot by Andy McDonald.
17:35 of 1st period - Shot Blocked by Mike Leclerc.
17:37 of 1st period - Slapshot by Andy McDonald.
17:37 of 1st period - Shot Blocked by François Beauchemin.
17:39 of 1st period - Slapshot by B.J. Crombeen.
17:39 of 1st period - Shot Misses the Net.
18:49 of 1st period - Mike Leclerc is hit by Sami Salo and loses puck.
18:58 of 1st period - Slapshot by Marcel Goc.
18:58 of 1st period - Deflect By Mike Leclerc.
18:58 of 1st period - Stopped by Jonas Hiller without a rebound.
18:59 of 1st period - Michal Handzus wins face-off versus Daymond Langkow in Sénateurs zone.
19:39 of 1st period - Snap shot by Michal Handzus.
19:39 of 1st period - Stopped by Jonas Hiller without a rebound.
19:40 of 1st period - Eric Staal wins face-off versus Andrew Ebbett in Sénateurs zone.
19:45 of 1st period - Snap shot by Alexander Semin.
19:45 of 1st period - Stopped by Jonas Hiller with a rebound.
19:47 of 1st period - Snap shot by Alexander Semin.
19:47 of 1st period - Stopped by Jonas Hiller with a rebound.
19:55 of 1st period - Snap shot by Alexander Semin.
19:55 of 1st period - Shot Blocked by Sami Salo.
Goals for this period are 0 for Sénateurs vs 1 for Flames.
Shots for this period are 8 for Sénateurs vs 12 for Flames.
2nd period
0:01 of 2nd period - Eric Staal wins face-off versus Daymond Langkow in neutral zone.
0:35 of 2nd period - Wrist shot by Darcy Hordichuk.
0:35 of 2nd period - Deflect By Michal Handzus.
0:35 of 2nd period - Stopped by Jonas Hiller with a rebound.
1:04 of 2nd period - Paul Gaustad is hit by Alexander Semin and loses puck.
1:16 of 2nd period - Minor Penalty to Alexander Semin for Roughing.
1:17 of 2nd period - Michal Handzus wins face-off versus Daymond Langkow in Flames zone.
1:25 of 2nd period - Snap shot by Darcy Hordichuk.
1:25 of 2nd period - Goal by Darcy Hordichuk - Sénateurs : 0 - Flames : 2.
1:26 of 2nd period - Michal Handzus wins face-off versus Daymond Langkow in neutral zone.
1:29 of 2nd period - Slapshot by François Beauchemin.
1:29 of 2nd period - Stopped by Jonas Hiller with a rebound.
2:20 of 2nd period - Tomas Kaberle is hit by Dan Hamhuis.
3:16 of 2nd period - Penalty to Alexander Semin is over, Alexander Semin is back on ice.
3:45 of 2nd period - Steve Eminger is hit by Dan Hinote and loses puck.
3:50 of 2nd period - Snap shot by Vernon Fiddler.
3:50 of 2nd period - Stopped by Craig Anderson with a rebound.
4:10 of 2nd period - Richard Jackman is hit by Steve Eminger and loses puck.
4:40 of 2nd period - Off-side.
4:41 of 2nd period - Marcel Goc wins face-off versus Vernon Fiddler in neutral zone.
4:50 of 2nd period - Wrist shot by Branko Radivojevic.
4:50 of 2nd period - Stopped by Jonas Hiller without a rebound.
4:51 of 2nd period - Daymond Langkow wins face-off versus Eric Staal in Sénateurs zone.
5:00 of 2nd period - Slapshot by Daymond Langkow.
5:00 of 2nd period - Stopped by Craig Anderson without a rebound.
5:01 of 2nd period - Daymond Langkow wins face-off versus Eric Staal in Flames zone.
5:33 of 2nd period - Off-side.
5:34 of 2nd period - Michal Handzus wins face-off versus Ray Whitney in neutral zone.
5:39 of 2nd period - Snap shot by Milan Hejduk.
5:39 of 2nd period - Shot Misses the Net.
5:41 of 2nd period - Wrist shot by Darcy Hordichuk.
5:41 of 2nd period - Shot Blocked by Richard Jackman.
6:03 of 2nd period - Snap shot by Sami Kapanen.
6:03 of 2nd period - Shot Misses the Net.
6:14 of 2nd period - Josef Vasicek is hit by Vitaly Vishnevsky and loses puck.
6:35 of 2nd period - Snap shot by B.J. Crombeen.
6:35 of 2nd period - Shot Misses the Net.
6:37 of 2nd period - Slapshot by Vitaly Vishnevsky.
6:37 of 2nd period - Shot Misses the Net.
6:39 of 2nd period - Wrist shot by Andy McDonald.
6:39 of 2nd period - Stopped by Craig Anderson without a rebound.
6:40 of 2nd period - Andrew Ebbett wins face-off versus Milan Hejduk in Flames zone.
6:41 of 2nd period - Wrist shot by Nikita Alexeev.
6:41 of 2nd period - Shot Misses the Net.
6:43 of 2nd period - Wrist shot by Richard Jackman.
6:43 of 2nd period - Stopped by Craig Anderson with a rebound.
6:45 of 2nd period - Snap shot by Ray Whitney.
6:45 of 2nd period - Shot Misses the Net.
6:47 of 2nd period - Slapshot by Dan Hamhuis.
6:47 of 2nd period - Stopped by Craig Anderson with a rebound.
6:49 of 2nd period - Snap shot by Ray Whitney.
6:49 of 2nd period - Deflect By Darcy Hordichuk.
6:49 of 2nd period - Stopped by Craig Anderson with a rebound.
6:51 of 2nd period - Slapshot by Dan Hamhuis.
6:51 of 2nd period - Stopped by Craig Anderson with a rebound.
6:53 of 2nd period - Wrist shot by Richard Jackman.
6:53 of 2nd period - Shot Blocked by Darcy Hordichuk.
6:55 of 2nd period - Snap shot by Richard Jackman.
6:55 of 2nd period - Deflect By Andrew Ebbett.
6:55 of 2nd period - Shot Blocked by Michal Handzus.
6:55 of 2nd period - Puck is out of play.
6:56 of 2nd period - Eric Staal wins face-off versus Daymond Langkow in Flames zone.
6:56 of 2nd period - Eric Staal is hit by B.J. Crombeen.
7:41 of 2nd period - Snap shot by Branko Radivojevic.
7:41 of 2nd period - Stopped by Jonas Hiller with a rebound.
7:43 of 2nd period - Snap shot by Mike Leclerc.
7:43 of 2nd period - Shot Blocked by Dan Hamhuis.
7:45 of 2nd period - Slapshot by Mike Leclerc.
7:45 of 2nd period - Shot Misses the Net.
8:24 of 2nd period - Richard Jackman is hit by David Backes and loses puck.
9:00 of 2nd period - Icing by François Beauchemin.
9:01 of 2nd period - Michal Handzus wins face-off versus Paul Gaustad in Flames zone.
9:05 of 2nd period - Off-side.
9:06 of 2nd period - Eric Staal wins face-off versus Paul Gaustad in neutral zone.
9:22 of 2nd period - Backhand shot by Alexander Semin.
9:22 of 2nd period - Deflect By Paul Gaustad.
9:22 of 2nd period - Stopped by Jonas Hiller without a rebound.
9:23 of 2nd period - Michal Handzus wins face-off versus Daymond Langkow in Sénateurs zone.
9:24 of 2nd period - Wrist shot by Darcy Hordichuk.
9:24 of 2nd period - Shot Misses the Net.
9:29 of 2nd period - Off-side.
9:30 of 2nd period - Daymond Langkow wins face-off versus Michal Handzus in neutral zone.
9:33 of 2nd period - Michal Handzus is hit by Daymond Langkow and loses puck.
9:38 of 2nd period - Snap shot by Andy McDonald.
9:38 of 2nd period - Shot Blocked by Michal Handzus.
9:40 of 2nd period - Wrist shot by Vitaly Vishnevsky.
9:40 of 2nd period - Shot Blocked by Michal Handzus.
9:42 of 2nd period - Wrist shot by Daymond Langkow.
9:42 of 2nd period - Deflect By Andy McDonald.
9:42 of 2nd period - Shot Blocked by Milan Hejduk.
9:42 of 2nd period - Puck is out of play.
9:43 of 2nd period - Daymond Langkow wins face-off versus Eric Staal in Flames zone.
9:44 of 2nd period - Wrist shot by Andy McDonald.
9:44 of 2nd period - Goal by Andy McDonald - Sénateurs : 1 - Flames : 2.
9:45 of 2nd period - Eric Staal wins face-off versus B.J. Crombeen in neutral zone.
9:56 of 2nd period - Sami Salo is hit by Eric Staal and loses puck.
10:00 of 2nd period - Off-side.
10:01 of 2nd period - Michal Handzus wins face-off versus Andrew Ebbett in neutral zone.
10:04 of 2nd period - Vitaly Vishnevsky is hit by Michal Handzus and loses puck.
10:13 of 2nd period - Slapshot by Michal Handzus.
10:13 of 2nd period - Shot Blocked by Sami Salo.
10:15 of 2nd period - Slapshot by Tomas Kaberle.
10:15 of 2nd period - Shot Misses the Net.
10:17 of 2nd period - Wrist shot by Milan Hejduk.
10:17 of 2nd period - Shot Misses the Net.
10:57 of 2nd period - Wrist shot by Sami Kapanen.
10:57 of 2nd period - Shot Misses the Net.
11:25 of 2nd period - Minor Penalty to Marcel Goc for Holding.
11:26 of 2nd period - Daymond Langkow wins face-off versus Michal Handzus in Flames zone.
11:33 of 2nd period - Snap shot by B.J. Crombeen.
11:33 of 2nd period - Stopped by Craig Anderson with a rebound.
12:54 of 2nd period - Mike Leclerc is hit by Sami Salo and loses puck.
13:03 of 2nd period - Snap shot by Nikita Alexeev.
13:03 of 2nd period - Shot Misses the Net.
13:07 of 2nd period - Backhand shot by Andrew Ebbett.
13:07 of 2nd period - Shot Misses the Net.
13:15 of 2nd period - Wrist shot by Nikita Alexeev.
13:15 of 2nd period - Goal by Nikita Alexeev - Sénateurs : 2 - Flames : 2.
13:16 of 2nd period - Eric Staal wins face-off versus Daymond Langkow in neutral zone.
14:24 of 2nd period - Mike Leclerc is hit by Daymond Langkow and loses puck.
15:19 of 2nd period - Wrist shot by Darcy Hordichuk.
15:19 of 2nd period - Stopped by Jonas Hiller with a rebound.
16:12 of 2nd period - Wrist shot by Ville Peltonen.
16:12 of 2nd period - Stopped by Craig Anderson with a rebound.
16:14 of 2nd period - Snap shot by Sami Salo.
16:14 of 2nd period - Deflect By Branko Radivojevic.
16:14 of 2nd period - Stopped by Craig Anderson without a rebound.
16:15 of 2nd period - Paul Gaustad wins face-off versus Michal Handzus in Flames zone.
16:21 of 2nd period - Off-side.
16:22 of 2nd period - Michal Handzus wins face-off versus Daymond Langkow in neutral zone.
16:33 of 2nd period - Slapshot by Daymond Langkow.
16:33 of 2nd period - Stopped by Craig Anderson with a rebound.
16:35 of 2nd period - Wrist shot by Andy McDonald.
16:35 of 2nd period - Stopped by Craig Anderson with a rebound.
16:37 of 2nd period - Slapshot by Dan Hamhuis.
16:37 of 2nd period - Stopped by Craig Anderson without a rebound.
16:38 of 2nd period - Eric Staal wins face-off versus Andrew Ebbett in Flames zone.
16:52 of 2nd period - Wrist shot by Eric Staal.
16:52 of 2nd period - Stopped by Jonas Hiller with a rebound.
16:54 of 2nd period - Snap shot by Alexander Semin.
16:54 of 2nd period - Shot Misses the Net.
17:00 of 2nd period - Minor Penalty to Ray Whitney for Goalie Interference.
17:01 of 2nd period - Eric Staal wins face-off versus Daymond Langkow in Sénateurs zone.
18:46 of 2nd period - Ron Hainsey is hit by Andy McDonald.
19:00 of 2nd period - Penalty to Ray Whitney is over, Ray Whitney is back on ice.
19:11 of 2nd period - Snap shot by Sean Avery.
19:11 of 2nd period - Stopped by Craig Anderson with a rebound.
19:42 of 2nd period - Minor Penalty to Marcel Goc for Hooking.
19:43 of 2nd period - Michal Handzus wins face-off versus Andrew Ebbett in Flames zone.
19:51 of 2nd period - Slapshot by Vitaly Vishnevsky.
19:51 of 2nd period - Stopped by Craig Anderson with a rebound.
Goals for this period are 2 for Sénateurs vs 1 for Flames.
Shots for this period are 17 for Sénateurs vs 8 for Flames.
3rd period
0:01 of 3rd period - Michal Handzus wins face-off versus Daymond Langkow in neutral zone.
0:04 of 3rd period - B.J. Crombeen is hit by Michal Handzus and loses puck.
0:13 of 3rd period - Slapshot by Andy McDonald.
0:13 of 3rd period - Shot Blocked by Darcy Hordichuk.
0:25 of 3rd period - Darcy Hordichuk is hit by Nikita Alexeev and loses puck.
0:59 of 3rd period - Mark Bell is hit by Richard Jackman and loses puck.
1:42 of 3rd period - Penalty to Marcel Goc is over, Marcel Goc is back on ice.
1:56 of 3rd period - Backhand shot by Josef Vasicek.
1:56 of 3rd period - Deflect By Mark Bell.
1:56 of 3rd period - Goal by Mark Bell - Sénateurs : 2 - Flames : 3.
1:57 of 3rd period - Eric Staal wins face-off versus Andrew Ebbett in neutral zone.
1:59 of 3rd period - Off-side.
2:00 of 3rd period - David Backes wins face-off versus Andrew Ebbett in neutral zone.
2:27 of 3rd period - Snap shot by Andy McDonald.
2:27 of 3rd period - Shot Blocked by Niklas Kronwall.
2:29 of 3rd period - Slapshot by Andy McDonald.
2:29 of 3rd period - Shot Misses the Net.
2:31 of 3rd period - Snap shot by Andy McDonald.
2:31 of 3rd period - Goal by Andy McDonald - Sénateurs : 3 - Flames : 3.
2:32 of 3rd period - Eric Staal wins face-off versus Daymond Langkow in neutral zone.
2:34 of 3rd period - Off-side.
2:35 of 3rd period - Daymond Langkow wins face-off versus Eric Staal in neutral zone.
2:35 of 3rd period - Daymond Langkow is hit by Alexander Semin.
3:24 of 3rd period - Wrist shot by Sami Kapanen.
3:24 of 3rd period - Shot Misses the Net.
3:26 of 3rd period - Snap shot by Ville Peltonen.
3:26 of 3rd period - Shot Blocked by Josef Vasicek.
3:28 of 3rd period - Snap shot by Paul Gaustad.
3:28 of 3rd period - Shot Blocked by Mark Bell.
4:00 of 3rd period - Mike Leclerc is hit by Dan Hamhuis and loses puck.
4:21 of 3rd period - Snap shot by Michal Handzus.
4:21 of 3rd period - Stopped by Jonas Hiller without a rebound.
4:22 of 3rd period - Andrew Ebbett wins face-off versus Michal Handzus in Sénateurs zone.
4:22 of 3rd period - Andrew Ebbett is hit by Milan Hejduk.
4:32 of 3rd period - Wrist shot by Darcy Hordichuk.
4:32 of 3rd period - Stopped by Jonas Hiller with a rebound.
4:34 of 3rd period - Slapshot by Tomas Kaberle.
4:34 of 3rd period - Stopped by Jonas Hiller without a rebound.
4:35 of 3rd period - Eric Staal wins face-off versus Daymond Langkow in Sénateurs zone.
4:48 of 3rd period - Wrist shot by Daymond Langkow.
4:48 of 3rd period - Goal by Daymond Langkow - Sénateurs : 4 - Flames : 3.
4:49 of 3rd period - Daymond Langkow wins face-off versus Eric Staal in neutral zone.
5:47 of 3rd period - Off-side.
5:48 of 3rd period - Daymond Langkow wins face-off versus Eric Staal in neutral zone.
5:51 of 3rd period - Slapshot by Daymond Langkow.
5:51 of 3rd period - Stopped by Craig Anderson without a rebound.
5:52 of 3rd period - Daymond Langkow wins face-off versus Eric Staal in Flames zone.
6:07 of 3rd period - Wrist shot by B.J. Crombeen.
6:07 of 3rd period - Shot Misses the Net.
6:19 of 3rd period - Slapshot by Josef Vasicek.
6:19 of 3rd period - Shot Misses the Net.
6:21 of 3rd period - Wrist shot by Mark Bell.
6:21 of 3rd period - Stopped by Jonas Hiller without a rebound.
6:22 of 3rd period - Andrew Ebbett wins face-off versus Josef Vasicek in Sénateurs zone.
6:37 of 3rd period - Slapshot by Nikita Alexeev.
6:37 of 3rd period - Stopped by Craig Anderson with a rebound.
6:47 of 3rd period - Slapshot by Sami Kapanen.
6:47 of 3rd period - Stopped by Craig Anderson with a rebound.
6:49 of 3rd period - Slapshot by Richard Jackman.
6:49 of 3rd period - Stopped by Craig Anderson with a rebound.
6:51 of 3rd period - Snap shot by Richard Jackman.
6:51 of 3rd period - Shot Blocked by Eric Staal.
7:07 of 3rd period - Snap shot by Vernon Fiddler.
7:07 of 3rd period - Shot Misses the Net.
7:13 of 3rd period - Snap shot by Sean Avery.
7:13 of 3rd period - Shot Misses the Net.
7:15 of 3rd period - Snap shot by Vernon Fiddler.
7:15 of 3rd period - Stopped by Craig Anderson without a rebound.
7:16 of 3rd period - Michal Handzus wins face-off versus Daymond Langkow in Flames zone.
7:29 of 3rd period - Snap shot by Daymond Langkow.
7:29 of 3rd period - Goal by Daymond Langkow - Sénateurs : 5 - Flames : 3.
7:30 of 3rd period - Daymond Langkow wins face-off versus Eric Staal in neutral zone.
7:33 of 3rd period - Snap shot by Vitaly Vishnevsky.
7:33 of 3rd period - Shot Blocked by David Backes.
8:02 of 3rd period - Tomas Kaberle is hit by Ray Whitney and loses puck.
8:09 of 3rd period - Milan Hejduk is hit by Sami Salo and loses puck.
9:10 of 3rd period - Dan Girardi is hit by Eric Staal and loses puck.
9:31 of 3rd period - Wrist shot by Andrew Ebbett.
9:31 of 3rd period - Shot Blocked by Erik Johnson.
9:51 of 3rd period - Jordin Tootoo is hit by Paul Gaustad and loses puck.
10:39 of 3rd period - Minor Penalty to Sami Salo for Holding.
10:40 of 3rd period - Eric Staal wins face-off versus Daymond Langkow in Sénateurs zone.
11:16 of 3rd period - Niklas Kronwall is hit by Daymond Langkow and loses puck.
11:27 of 3rd period - Milan Hejduk is hit by Paul Gaustad and loses puck.
12:39 of 3rd period - Penalty to Sami Salo is over, Sami Salo is back on ice.
12:51 of 3rd period - Steve Eminger is hit by Vitaly Vishnevsky and loses puck.
13:02 of 3rd period - Jordin Tootoo is hit by Ray Whitney and loses puck.
13:13 of 3rd period - Snap shot by Mike Leclerc.
13:13 of 3rd period - Stopped by Jonas Hiller with a rebound.
13:30 of 3rd period - Wrist shot by Branko Radivojevic.
13:30 of 3rd period - Stopped by Jonas Hiller without a rebound.
13:31 of 3rd period - Michal Handzus wins face-off versus Andrew Ebbett in Sénateurs zone.
13:32 of 3rd period - Snap shot by Milan Hejduk.
13:32 of 3rd period - Shot Misses the Net.
14:18 of 3rd period - Milan Hejduk is hit by Sami Kapanen and loses puck.
14:37 of 3rd period - Wrist shot by Mark Bell.
14:37 of 3rd period - Stopped by Jonas Hiller with a rebound.
14:51 of 3rd period - Sami Salo is hit by Eric Staal and loses puck.
15:19 of 3rd period - Erik Johnson is hit by Andy McDonald and loses puck.
15:47 of 3rd period - Niklas Kronwall is hit by Ville Peltonen and loses puck.
16:29 of 3rd period - Snap shot by Niklas Kronwall.
16:29 of 3rd period - Stopped by Jonas Hiller with a rebound.
16:31 of 3rd period - Wrist shot by Alexander Semin.
16:31 of 3rd period - Shot Misses the Net.
16:53 of 3rd period - Slapshot by Dan Hamhuis.
16:53 of 3rd period - Deflect By Steve Eminger.
16:53 of 3rd period - Stopped by Craig Anderson with a rebound.
16:56 of 3rd period - Icing by Tomas Kaberle.
16:57 of 3rd period - Andrew Ebbett wins face-off versus Marcel Goc in Flames zone.
17:14 of 3rd period - Ray Whitney is hit by Marcel Goc and loses puck.
17:19 of 3rd period - Slapshot by Mike Leclerc.
17:19 of 3rd period - Shot Blocked by Nikita Alexeev.
17:21 of 3rd period - Wrist shot by Marcel Goc.
17:21 of 3rd period - Shot Blocked by Dan Girardi.
17:55 of 3rd period - Snap shot by Marcel Goc.
17:55 of 3rd period - Shot Blocked by Carlo Colaiacovo.
17:57 of 3rd period - Wrist shot by Branko Radivojevic.
17:57 of 3rd period - Stopped by Jonas Hiller without a rebound.
17:58 of 3rd period - Josef Vasicek wins face-off versus Sami Kapanen in Sénateurs zone.
18:25 of 3rd period - Sami Salo is hit by Eric Staal and loses puck.
18:50 of 3rd period - Andy McDonald is hit by Darcy Hordichuk and loses puck.
Goals for this period are 3 for Sénateurs vs 1 for Flames.
Shots for this period are 9 for Sénateurs vs 10 for Flames.
Output by the SimonT Hockey Simulator (STHS) for François Prévost -- Original Page W3C XHTML 1.0 Valid